 Dungeon Crawl Stone Soup version 0.17-a0-1954-g0dddeaa (webtiles) character file.

556 Shim the Covert (level 7, -3/32 HPs)
             Began as a Spriggan Enchanter on Oct 3, 2015.
             Was an Initiate of Dithmenos.
             Slain by achirane's ghost (16 damage)
             ... on level 4 of the Dungeon.
             The game lasted 00:45:52 (7470 turns).

Shim the Covert (Spriggan Enchanter)                Turns: 7470, Time: 00:45:52

Health: -3/32      AC:  3    Str:  6    XL:     7   Next: 8%
Magic:  8/13       EV: 22    Int: 16    God:    Dithmenos [......]
Gold:   208        SH:  0    Dex: 17    Spells: 5 memorised, 1 level left

rFire  . . .     SeeInvis +     m - +2 dagger (venom)
rCold  . . .     Clarity  .     b - +1 robe
rNeg   . . .     SustAt   .     (shield restricted)
rPois  .         Gourm    .     (helmet restricted)
rElec  .         Spirit   .     (no cloak)
rCorr  .         Warding  .     (gloves unavailable)
rMut   .         Stasis   .     (boots unavailable)
MR     +....                    (no amulet)
Stlth  ++++......               (no ring)
                                (no ring)

@: very quick, somewhat resistant to hostile enchantments, stealthy
A: unfitting armour, see invisible, herbivore 3, speed 3, slow metabolism 2
a: Renounce Religion


You were on level 4 of the Dungeon.
You worshipped Dithmenos.
Dithmenos was noncommittal.
You were not hungry.

You visited 1 branch of the dungeon, and saw 4 of its levels.

You collected 208 gold pieces.

Inventory:

Hand weapons
 a - a +1 dagger
 m - a +2 dagger of venom (weapon)
 p - a +0 short sword
 v - a cursed -3 whip
Armour
 b - a +1 robe (worn)
 f - a +1 pair of gloves
 u - a +0 leather armour
Scrolls
 e - 2 scrolls of amnesia {unknown}
 g - a scroll of fog {unknown}
 h - 3 scrolls of noise
 i - 5 scrolls of identify
 j - a scroll of blinking
 k - 2 scrolls of enchant weapon {unknown}
 n - a scroll of magic mapping {unknown}
 q - 3 scrolls of remove curse {unknown}
Potions
 l - a potion of poison {unknown}
 o - 2 potions of might {unknown}
 s - a potion of invisibility {unknown}
 t - a potion of resistance {unknown}
 w - 2 potions of cancellation {unknown}
Books
 c - a book of Maledictions

   Spells                             Type                      Level
   a - Corona                         Hexes                        1
   b - Ensorcelled Hibernation        Hexes/Ice                    2
   c - Confuse                        Hexes                        3
   d - Tukima's Dance                 Hexes                        3
   e - Dazzling Spray                 Conjuration/Hexes            3
 x - a book of Clouds

   Spells                             Type                      Level
   a - Mephitic Cloud                 Conjuration/Poison/Air       3
   b - Conjure Flame                  Conjuration/Fire             3
   c - Poisonous Cloud                Conjuration/Poison/Air       6
   d - Freezing Cloud                 Conjuration/Ice/Air          6
   e - Ring of Flames                 Charms/Fire                  7
Comestibles
 d - a bread ration
 r - a meat ration


   Skills:
 + Level 0.5 Fighting
 + Level 2.2 Short Blades
 + Level 6.6 Dodging
 + Level 8.2 Stealth
 + Level 3.8 Spellcasting
 + Level 0.2 Conjurations
 + Level 4.6 Hexes
 + Level 1.0 Ice Magic


You had one spell level left.
You knew the following spells:

 Your Spells              Type           Power        Failure   Level  Hunger
a - Corona                Hex            ###....      2%          1    None
b - Ensorcelled Hibernat  Hex/Ice        ##....       10%         2    ##.....
c - Dazzling Spray        Conj/Hex       ##......     21%         3    ###....
d - Confuse               Hex            ###.....     10%         3    ###....
e - Tukima's Dance        Hex            ###.....     10%         3    ###....


Dungeon Overview and Level Annotations

Branches:
Dungeon (4/15)
 Temple: D:4-7

Altars:
Dithmenos
Makhleb
Okawaru
Ru
Trog

Annotations:
D:4 achirane's ghost, average TrTm


Innate Abilities, Weirdness & Mutations

You are tiny and cannot use many weapons and most armour.
You have supernaturally acute eyesight.
You are a herbivore.
You cover ground extremely quickly.
You need consume almost no food.


Message History

Achirane's ghost is moderately damaged.
Achirane's ghost barely misses you.
You hit achirane's ghost but do no damage.
Achirane's ghost is moderately damaged.
Achirane's ghost hits you.
You barely miss achirane's ghost.
Achirane's ghost is moderately damaged.
Achirane's ghost hits you.
You hit achirane's ghost.
Achirane's ghost is moderately damaged.
Achirane's ghost completely misses you.
You hit achirane's ghost but do no damage.
Achirane's ghost is moderately damaged.
Achirane's ghost barely misses you.
You hit achirane's ghost but do no damage.
Achirane's ghost is moderately damaged.
Achirane's ghost says very slowly, "There's no hope."
Achirane's ghost hits you!
Ouch! That really hurt!
You die...

.# .# # # ###.# .#.
... #.# ... #.# #.#
#.# #W# ##.# #@#
#..#############.##
.#...[)...........#
###)############..#
# ##.# #..# ###.##
#..# .#.## #..#
#..####### #..#
.........# ...#


You could see achirane's ghost.

Vanquished Creatures
  Purgy (D:3)
  2 orc priests (D:3)
  A giant frog skeleton (D:4)
  4 orc wizards
  Natasha (thrice) (D:3)
  2 worker ants (D:4)
  6 gnolls
  3 adders (D:2)
  A worm (D:3)
  4 giant geckos
  11 orcs
  9 bats
  7 giant cockroaches
  8 goblins
  4 hobgoblins
  A jackal (D:3)
  2 quokkas (D:3)
  A ball python (D:2)
  6 giant newts
  9 kobolds
  7 rats
92 creatures vanquished.

Notes
Turn   | Place    | Note
--------------------------------------------------------------
     0 | D:1      | Shim the Spriggan Enchanter began the quest for the Orb.
     0 | D:1      | Reached XP level 1. HP: 9/9 MP: 5/5
   509 | D:1      | Reached XP level 2. HP: 11/13 MP: 6/6
   535 | D:1      | Found an iron altar of Okawaru.
   555 | D:1      | Learned a level 2 spell: Ensorcelled Hibernation
  1613 | D:2      | Reached XP level 3. HP: 16/16 MP: 8/8
  1636 | D:2      | Reached skill level 5 in Stealth
  2178 | D:2      | Learned a level 3 spell: Dazzling Spray
  2436 | D:2      | Found a burning altar of Makhleb.
  2450 | D:2      | Became a worshipper of Makhleb the Destroyer
  2751 | D:2      | Reached XP level 4. HP: 21/21 MP: 6/9
  3114 | D:3      | Noticed Purgy
  3613 | D:3      | Found a faded altar to an unknown god.
  3651 | D:3      | Reached skill level 6 in Stealth
  4362 | D:3      | Acquired Makhleb's first power
  4362 | D:3      | Reached XP level 5. HP: 14/24 MP: 6/10
  4509 | D:3      | Noticed Natasha
  4514 | D:3      | Killed Natasha
  4855 | D:3      | Reached skill level 5 in Dodging
  5582 | D:3      | Killed Purgy
  5582 | D:3      | Reached skill level 7 in Stealth
  5582 | D:3      | Reached skill level 1 in Ice Magic
  5582 | D:3      | Reached XP level 6. HP: 27/29 MP: 8/12
  5766 | D:3      | Noticed Natasha
  5777 | D:3      | Killed Natasha
  5830 | D:3      | Noticed Natasha
  6130 | D:3      | Killed Natasha
  6574 | D:4      | Acquired Makhleb's second power
  6581 | D:4      | Found a shadowy altar of Dithmenos.
  6581 | D:4      | Found a sacrificial altar of Ru.
  6590 | D:4      | Fell from the grace of Makhleb
  6590 | D:4      | Became a worshipper of Dithmenos the Shadowed
  6655 | D:4      | Found a bloodstained altar of Trog.
  6933 | D:4      | Noticed an orange demon
  7177 | D:4      | Learned a level 3 spell: Confuse
  7181 | D:4      | Learned a level 3 spell: Tukima's Dance
  7209 | D:4      | Reached XP level 7. HP: 14/32 MP: 9/13
  7236 | D:4      | Reached skill level 8 in Stealth
  7449 | D:4      | Noticed achirane's ghost (average TrTm)
  7470 | D:4      | Slain by achirane's ghost

Vault maps used:
D:1:      eino_arrival_water_star, serial_glass, glass_columns_c,
          glass_columns_a, okawaru_ov_weapons_minmay
D:2:      bloody_makhleb, first_bread, serial_glass, glass_columns_b,
          glass_columns_a, glass_columns_a, glass_columns_b, glass_columns_b,
          glass_columns_a
D:3:      ecumenical_altar_1, minmay_misc_feat_rows, hex_medium,
          patterned_corridor, uniq_purgy, uniq_natasha
D:4:      amethyst_overflow_temple_binary, lightli_temple_of_fire

Action                   |  1- 3 |  4- 6 |  7- 9 || total
-------------------------+-------+-------+-------++-------
Melee: Dagger            |    68 |   167 |    22 ||   257
 Cast: Ensorcelled Hiber |     5 |     5 |     1 ||    11
       Corona            |     1 |     1 |       ||     2
       Dazzling Spray    |     1 |     5 |       ||     6
       Tukima's Dance    |       |     2 |       ||     2
       Confuse           |       |       |     2 ||     2
  Use: Scroll            |     1 |     6 |       ||     7
 Stab: Sleeping          |     9 |    16 |       ||    25
       Invisible         |       |     2 |       ||     2
       Distracted        |       |     1 |       ||     1
  Eat: Bread ration      |       |     1 |       ||     1
